 Dungeon Crawl Stone Soup version 0.22-a0-362-g535178c (webtiles) character file.

3221 mortelune the Carver (level 9, 0/72 HPs)
             Began as a Demonspawn Abyssal Knight on Apr 21, 2018.
             Was an Elder of Lugonu.
             Slain by a killer bee (2 damage)
             ... on level 7 of the Dungeon.
             The game lasted 00:33:30 (14523 turns).

mortelune the Carver (Demonspawn Abyssal Knight)   Turns: 14523, Time: 00:33:31

Health: 0/72       AC: 10    Str: 18    XL:     9   Next: 66%
Magic:  20/20      EV: 13    Int: 14    God:    Lugonu [****..]
Gold:   272        SH:  0    Dex: 13    Spells: 8/11 levels left

rFire    . . .     SeeInvis .   a - +2 falchion
rCold    . . .     Gourm    .   (no shield)
rNeg     . . .     Faith    .   z - +0 scale mail
rPois    +         Spirit   .   (helmet restricted)
rElec    +         Reflect  .   E - +0 cloak of Minor Irritation {rElec rPois rCorr MP+9}
rCorr    +         Harm     .   I - +0 pair of gloves
MR       .....                  d - +1 pair of boots
Stlth    +.........             (no amulet)
HPRegen  0.22/turn              F - ring of stealth
MPRegen  0.17/turn              v - +3 ring of strength

@: hasted, very quick
A: antennae 2, demonic guardian 1, sturdy frame 1
a: Depart the Abyss, Bend Space, Banish, Corrupt, Renounce Religion


You were on level 7 of the Dungeon.
You worshipped Lugonu.
Lugonu was greatly pleased with you.
You were not hungry.

You visited 1 branch of the dungeon, and saw 8 of its levels.
You visited the Abyss 1 time.

You collected 605 gold pieces.
You spent 333 gold pieces at shops.

Inventory:

Hand Weapons
 a - a +2 falchion (weapon)
 b - a +0 blowgun
 n - a +1 whip of flaming
Missiles
 p - 46 poisoned needles
 r - 5 javelins (quivered)
Armour
 d - a +1 pair of boots (worn)
 e - a +0 leather armour
 k - a +0 ring mail
 z - a +0 scale mail (worn)
 E - the +0 cloak of Minor Irritation (worn) {rElec rPois rCorr MP+9}
   (You bought it in a shop on level 6 of the Dungeon)

   It insulates you from electricity.
   It protects you from poison.
   It affects your magic capacity (+9).
   It protects you from acid and corrosion.
 I - a +0 pair of gloves (worn)
Jewellery
 i - an uncursed ring of fire
 v - a +3 ring of strength (right hand)
 F - a ring of stealth (left hand)
 H - an uncursed ring of wizardry
 M - an uncursed ring of teleportation
Wands
 s - a wand of flame (23)
 y - a wand of paralysis (17)
 G - a wand of iceblast (27)
Scrolls
 f - 4 scrolls of teleportation
 g - 2 scrolls of identify
 j - 2 scrolls of enchant armour
 q - 3 scrolls of remove curse
 t - 4 scrolls of enchant weapon
 w - a scroll of immolation
 B - a scroll of amnesia
Potions
 l - a potion of brilliance
 D - a potion of degeneration {unknown}
Comestibles
 c - 7 rations
 h - 3 chunks of flesh


   Skills:
 + Level 7.4 Fighting
 * Level 8.4 Long Blades
 - Level 1.7 Armour
 + Level 6.1 Dodging
 - Level 1.6 Spellcasting
 - Level 1.8 Conjurations
 - Level 3.8 Invocations


You had 8 spell levels left.
You knew the following spells:

 Your Spells              Type           Power        Failure   Level  Hunger
a - Searing Ray           Conj           #.....       36%         2    ###....
b - Magic Dart            Conj           #...         24%         1    ##.....


Dungeon Overview and Level Annotations

Branches:
Dungeon (8/15)             Temple (0/1) D:5
   Lair: D:8-11

Altars:
Ashenzari
Cheibriados
Dithmenos
Fedhas
Gozag
Hepliaklqana
Kikubaaqudgha
Makhleb
Nemelex Xobeh
Okawaru
Qazlal
Uskayaw
Xom
Yredelemnul
Zin
The Shining One

Shops:
D:6 [([

Annotations:
D:7 Erica


Innate Abilities, Weirdness & Mutations

You have a pair of antennae on your head.
A weak demonic guardian rushes to your aid.
Your movements are slightly less encumbered by armour. (ER -2)


Message History

* * * LOW HITPOINT WARNING * * *
The killer bee completely misses you. The killer bee barely misses you.
The killer bee stings you.
* * * LOW HITPOINT WARNING * * *
The killer bee barely misses you. The killer bee stings your shadow imp!
Your shadow imp dies!
The killer bee misses you.
You riposte.
You hit the killer bee.
The killer bee is moderately wounded.
The killer bee stings you but does no damage.
There is an escape hatch in the ceiling here.
The killer bee stings you but does no damage.
The killer bee barely misses you. The killer bee stings you.
* * * LOW HITPOINT WARNING * * *
The killer bee barely misses you. The killer bee stings you.
* * * LOW HITPOINT WARNING * * *
A mysterious force pulls you upwards. The hatch slams shut behind you.
Level annotation: Erica It was a potion of haste.
You feel yourself speed up. The killer bee stings you.
You die...

#.....#
#t##.##.#.#
#.....#
#.##....#.#
#.....#
#.##.#..#.#
#.....#
#.##......#
#.....#
#.......###
#######
####.....#
#.....# #...yy#
########...@.#
#......#....y#
#.####.##.####
#.#.......#
######.#.##.####
........(...#
#############


You could see 3 killer bees.

Vanquished Creatures
  The ghost of mortelune the Slasher, an amateur DsAK of Lugonu (D:6)
  A water moccasin (D:5)
  3 sky beasts
  A phantom (D:4)
  A black bear (D:8)
  2 ogres
  A crocodile (D:7)
  Blork the orc (D:6)
  A killer bee (D:8)
  3 crimson imps
  A bullfrog zombie (D:7)
  2 centaur zombies (D:6)
  4 hounds
  A bullfrog skeleton (D:5)
  5 orc priests
  A jelly (D:8)
  11 orc wizards
  3 iguanas
  8 worker ants
  A hound zombie (D:6)
  2 hound skeletons
  Robin (D:4)
  A howler monkey zombie (D:6)
  2 worker ant zombies
  14 gnolls
  8 adders
  2 shadow imps (D:5)
  2 oozes
  4 adder zombies
  An adder skeleton (D:6)
  A worm (D:4)
  4 dart slugs
  7 leopard geckos
  22 orcs
  7 bats
  5 giant cockroaches
  11 goblins
  6 hobgoblins
  4 jackals (D:7)
  7 kobolds
  A ball python (D:3)
  A frilled lizard (D:2)
  A quokka skeleton (D:3)
  A quokka zombie (D:6)
  3 rats
170 creatures vanquished.

Vanquished Creatures (collateral kills)
  Maurice (D:8)
  A hungry ghost (D:7)
  A centaur (D:8)
  2 bullfrogs (D:7)
  A wyvern skeleton (D:6)
  2 killer bees (D:8)
  A bullfrog skeleton (D:6)
  A hound (D:8)
  A worker ant (D:7)
  A gnoll (D:7)
  An adder (D:7)
  2 orcs (D:6)
  5 goblins (D:4)
20 creatures vanquished.

Vanquished Creatures (others)
  An orc warrior (D:7)
1 creature vanquished.

Grand Total: 191 creatures vanquished

Notes
Turn   | Place    | Note
-------+----------+-------------------------------------------
     0 | Abyss:1  | mortelune the Demonspawn Abyssal Knight began the quest for the Orb.
     0 | Abyss:1  | Reached XP level 1. HP: 18/18 MP: 2/2
    39 | Abyss:1  | Noticed an eidolon
    39 | D:1      | Escaped the Abyss
   110 | D:1      | Reached skill level 2 in Long Blades
   110 | D:1      | Reached skill level 1 in Dodging
   298 | D:1      | Gained mutation: You have a pair of small antennae on your head. [demonic ancestry]
   298 | D:1      | Reached XP level 2. HP: 22/24 MP: 3/3
   805 | D:2      | Found an iron altar of Okawaru.
   926 | D:2      | Gained mutation: Your movements are slightly less encumbered by armour. (ER -2) [demonic ancestry]
   926 | D:2      | Reached XP level 3. HP: 18/29 MP: 4/4
  1478 | D:2      | Reached skill level 3 in Long Blades
  1478 | D:2      | Reached XP level 4. HP: 12/35 MP: 5/5
  1851 | D:2      | Reached * piety under Lugonu
  2029 | D:1      | Found a shattered altar of Ashenzari.
  3058 | D:3      | Gained mutation: You have a pair of antennae on your head. [demonic ancestry]
  3058 | D:3      | Reached XP level 5. HP: 41/42 MP: 6/6
  3342 | D:3      | Found a glowing silver altar of Zin.
  3343 | D:3      | Found a glowing golden altar of the Shining One.
  3344 | D:3      | Found a shadowy altar of Dithmenos.
  3345 | D:3      | Found a hazy altar of Hepliaklqana.
  3814 | D:3      | Found an opulent altar of Gozag.
  3815 | D:3      | Found a burning altar of Makhleb.
  4086 | D:4      | Noticed a phantom
  4211 | D:4      | Reached skill level 4 in Long Blades
  4443 | D:4      | Found a snail-covered altar of Cheibriados.
  4515 | D:4      | Noticed a dagger
  4515 | D:4      | Noticed a dagger
  4516 | D:4      | Found a hide-covered altar of Uskayaw.
  4727 | D:4      | Reached ** piety under Lugonu
  4727 | D:4      | Gained mutation: A weak demonic guardian rushes to your aid. [demonic ancestry]
  4727 | D:4      | Reached XP level 6. HP: 14/48 MP: 7/7
  5590 | D:4      | Noticed Robin
  5625 | D:4      | Killed Robin
  5638 | D:4      | Reached skill level 5 in Long Blades
  5765 | D:4      | Found an ancient bone altar of Kikubaaqudgha.
  5867 | D:5      | Entered Level 5 of the Dungeon
  5896 | D:5      | Reached XP level 7. HP: 54/55 MP: 8/8
  6325 | D:5      | Reached skill level 5 in Fighting
  6618 | D:5      | Learned a level 2 spell: Searing Ray
  6692 | D:5      | Found a sparkling altar of Nemelex Xobeh.
  6894 | D:5      | Reached skill level 6 in Long Blades
  7240 | D:5      | Reached XP level 8. HP: 52/63 MP: 10/10
  7331 | D:5      | Found a staircase to the Ecumenical Temple.
  7599 | D:6      | Found Fynli's Antique Armour Shoppe.
  7615 | D:6      | Bought a polished cloak for 275 gold pieces
  7620 | D:6      | Identified the cursed +0 cloak of Minor Irritation {rElec rPois rCorr MP+9} (You bought it in a shop on level 6 of the Dungeon)
  7787 | D:6      | Noticed mortelune's ghost (amateur DsAK)
  7876 | D:6      | Killed mortelune's ghost
  7876 | D:6      | Reached *** piety under Lugonu
  8190 | D:6      | Learned a level 1 spell: Magic Dart
  8218 | D:6      | Noticed Blork the orc
  8232 | D:6      | Killed Blork the orc
  8296 | D:6      | Reached skill level 1 in Spellcasting
  8296 | D:6      | Reached skill level 1 in Conjurations
  8989 | D:6      | Found Qemen's Armour Emporium.
  8996 | D:6      | Bought a +0 pair of gloves for 58 gold pieces
  9060 | D:6      | Found Far Vynk's Weapon Shop.
  9379 | D:6      | Found a stormy altar of Qazlal.
  9665 | D:6      | Reached skill level 5 in Dodging
 10135 | D:7      | Reached **** piety under Lugonu
 10356 | D:7      | Reached skill level 7 in Long Blades
 10422 | D:7      | Reached XP level 9. HP: 48/71 MP: 11/11
 10563 | D:7      | Found a basalt altar of Yredelemnul.
 11030 | D:7      | Found a radiant altar of Vehumet.
 11032 | D:7      | Found a shimmering altar of Xom.
 11032 | D:7      | Found a snail-covered altar of Cheibriados.
 11034 | D:7      | Found a blossoming altar of Fedhas.
 11034 | D:7      | Found a blossoming altar of Fedhas.
 11034 | D:7      | Found a shattered altar of Ashenzari.
 11606 | D:8      | Noticed Erica
 11827 | D:8      | Noticed Maurice
 12363 | D:7      | HP: 3/72 [crocodile (5)]
 12694 | D:7      | Reached skill level 8 in Long Blades
 14412 | D:8      | Killed Maurice
 14521 | D:8      | HP: 1/72 [killer bee (6)]
 14523 | D:7      | Slain by a killer bee

Vault maps used:
D:1:      zelgadis_glass_arrival_small, ashenzari_altar_1
D:2:      okawaru_metal_pillars_1_2
D:3:      chequers_temple_overflow_statue_of_worship,
          gammafunk_temple_overflow_pools, first_ration
D:4:      dancing_weapons_uskayaw, kennysheep_slug_shrine,
          kiku_gazebo_pond_becter, uniq_robin
D:5:      lemuel_doored_altar, minmay_temple_entry_statues_pillars
D:6:      serial_undead, serial_undead_d, serial_undead_a, serial_undead_a,
          serial_undead_d, serial_shops,
          nicolae_shop_temple_entry_statues_fountains, shop, shop_fountains,
          supply_closet_lemuel, minmay_misc_feat_diagonals,
          grunt_qazlal_sundering, uniq_blork_the_orc
D:7:      marbit_many_paths, doesnt_xom_only_xom
D:8:      kennysheep_opposing_triangles, uniq_erica, uniq_maurice
Abyss:1:  hangedman_stitches_earthworm

Skill      XL: |  1  2  3  4  5  6  7  8  9 |
---------------+----------------------------+-----
Long Blades    | 2 3 4 5 6 7 8 |  8.4
Dodging        | 1 2 3 4 5 6 |  6.1
Fighting       | 4 5 6 7 |  7.4
Invocations    | 3 |  3.8
Spellcasting   | 1 |  1.6
Conjurations   | 1 |  1.8
Armour         | |  1.7

Action                   |  1- 3 |  4- 6 |  7- 9 || total
-------------------------+-------+-------+-------++-------
Melee: Falchion          |    81 |   239 |   686 ||  1006
       Whip              |     1 |       |       ||     1
 Cast: Searing Ray       |       |       |    33 ||    33
Invok: Depart the Abyss  |     1 |       |       ||     1
       Banish            |       |       |     1 ||     1
  Use: Potion            |       |     4 |     4 ||     8
       Scroll            |       |     9 |     7 ||    16
 Stab: Distracted        |       |     1 |     4 ||     5
  Eat: Chunk             |     2 |    11 |    17 ||    30
       Ration            |       |     1 |     5 ||     6
Armor: Leather armour    |     6 |       |       ||     6
       Ring mail         |    34 |    27 |       ||    61
       Scale mail        |       |    54 |   281 ||   335
Dodge: Dodged            |    50 |   139 |   390 ||   579
       Rpst.: Falchion   |    11 |    49 |   129 ||   189

Table legend:
 A = Spawn XP
 B = Non-spawn XP
 C = Spawn XP percentage of total XP
 D = Spawn monster count
 E = Non-spawn monster count
 F = Spawn count percentage of total count
 G = Total turns spent on level
                    A         B        C        D         E        F      G
               +---------+---------+-------+---------+---------+-------+---------
         Total |       0 |    4602 |   0.0 |       0 |     191 |   0.0 | 14523
               +---------+---------+-------+---------+---------+-------+---------
           D:1 |       0 |      43 |   0.0 |       0 |      15 |   0.0 |   949
           D:2 |       0 |     105 |   0.0 |       0 |      16 |   0.0 |  1887
           D:3 |       0 |     154 |   0.0 |       0 |      27 |   0.0 |  1471
           D:4 |       0 |     415 |   0.0 |       0 |      26 |   0.0 |  1521
           D:5 |       0 |     718 |   0.0 |       0 |      21 |   0.0 |  1708
           D:6 |       0 |    1034 |   0.0 |       0 |      30 |   0.0 |  2371
           D:7 |       0 |    1046 |   0.0 |       0 |      37 |   0.0 |  3545
           D:8 |       0 |    1087 |   0.0 |       0 |      19 |   0.0 |  1032
               +---------+---------+-------+---------+---------+-------+---------
